 Dungeon Crawl Stone Soup version 0.31-a0-18-gea43df2a32 (webtiles) character file.

Game seed: 15826541693143733399

48 vineage the Ducker (level 3, -1/29 HPs)
             Began as a Merfolk Gladiator on May 11, 2023.
             Slain by an orc
             ... wielding a +0 club
              (4 damage)
             ... on level 2 of the Dungeon.
             The game lasted 00:01:04 (1149 turns).

vineage the Ducker (Merfolk Gladiator)              Turns: 1149, Time: 00:01:05

Health: -1/29      AC:  4    Str: 16    XL:     3   Next: 72%
Magic:  3/3        EV: 13    Int:  7    God:
Gold:   111        SH:  0    Dex: 15    Spells: 2/2 levels left

rFire   . . .        a - +0 trident
rCold   . . .        (no shield)
rNeg    . . .        b - +0 leather armour
rPois   .            c - +0 helmet
rElec   .            (no cloak)
rCorr   .            (no gloves)
SInv    .            (no boots)
Will    .....        (no amulet)
Stlth   +            (no ring)
HPRegen 0.24/turn    (no ring)
MPRegen 0.08/turn

%: no passive effects
@: brilliant
A: (nimble swimmer 2), mertail
a: no special abilities


You were on level 2 of the Dungeon.
You visited 1 branch of the dungeon, and saw 2 of its levels.

You collected 111 gold pieces.

Inventory:

Hand Weapons
 a - a +0 trident (weapon)
Missiles
 d - 4 throwing nets (quivered)
 e - a javelin
Armour
 b - a +0 leather armour (worn)
 c - a +0 helmet (worn)
Scrolls
 f - 2 scrolls of enchant weapon {unknown}
 i - 2 scrolls of identify {unknown}
 j - 2 scrolls of magic mapping {unknown}
 k - a scroll of blinking {unknown}
 l - a scroll of vulnerability {unknown}


   Skills:
 + Level 3.0 Fighting
 + Level 4.8 Polearms
 - Level 2.0 Throwing
 + Level 4.8 Dodging


You had 2 spell levels left.
You didn't know any spells.
Your spell library was empty.

Dungeon Overview and Level Annotations

Branches:
Dungeon (2/15)

Altars:
Ashenzari

Shops:
D:2 !


Innate Abilities, Weirdness & Mutations

((You are very nimble when in or above water. (Stealth+, EV+, Speed+++)))
Your lower body shifts to a powerful aquatic tail in water.


Message History

The orc wizard hits you but does no damage.
The orc closely misses you.
You barely miss the orc wizard.
The orc wizard is lightly wounded.
The orc wizard misses you. The orc barely misses you.
The orc closely misses you.
You closely miss the orc wizard.
The orc wizard is lightly wounded.
The orc wizard hits you with a +0 dagger.
* * * LOW HITPOINT WARNING * * *
The orc hits you with a +0 dagger.
* * * LOW HITPOINT WARNING * * *
The orc misses you.
You hit the orc wizard but do no damage.
The orc wizard is lightly wounded.
The orc misses you.
The orc wizard hits you with a +0 dagger.
* * * LOW HITPOINT WARNING * * *
The orc hits you but does no damage.
You closely miss the orc wizard.
The orc wizard is lightly wounded.
The orc wizard barely misses you. The orc hits you but does no damage.
The orc barely misses you.
You barely miss the orc wizard.
The orc wizard is lightly wounded.
The orc hits you with a +0 dagger.
* * * LOW HITPOINT WARNING * * *
The orc wizard gestures at you while chanting.
You resist with significant effort. The orc hits you but does no damage.
It was a potion of magic.
Magic courses through your body. The orc closely misses you.
The orc wizard points at you and mumbles some strange words.
The puff of flame misses you. The orc barely misses you.
It was a potion of brilliance.
You feel clever all of a sudden.
The orc wizard hits you but does no damage.
The orc hits you with a +0 dagger.
* * * LOW HITPOINT WARNING * * *
The orc hits you with a +0 club.
You die...

#......######
........
#......#
........
#......#
........
#......#
........
#......#
........
##.....#
........
#.....#
.......
#.....#
.......
#...@o#
###+##
#...oo#
#.....
#####...#'#
#.....
#......##.##
#.....
#......#..)#
#.....
#......#8.8#
#.....
#......#.).#
###.##
#########'##
####.## ...
+......


You could see an orc wizard and 2 orcs.

Vanquished Creatures
  An adder (D:2)
  3 dart slugs
  2 orcs (D:2)
  6 bats (D:1)
  3 endoplasms
  5 hobgoblins (D:1)
  2 jackals (D:1)
  2 ball pythons
  2 frilled lizards (D:1)
  A kobold (D:2)
  3 rats (D:1)
30 creatures vanquished.

Notes
Turn   | Place    | Note
-------+----------+-------------------------------------------
     0 | D:1      | vineage the Merfolk Gladiator began the quest for the Orb.
     0 | D:1      | Reached XP level 1. HP: 16/16 MP: 1/1
    95 | D:1      | Reached XP level 2. HP: 23/23 MP: 2/2
   325 | D:1      | Reached XP level 3. HP: 26/28 MP: 3/3
   692 | D:2      | Found a broken altar of Ashenzari.
   753 | D:2      | Found Xamohile's Distillery.
  1125 | D:2      | Found the +1 Delatra's gloves {ID++}
  1149 | D:2      | Slain by an orc

Illustrated notes

Levels and vault maps discovered:
D:1:      dpeg_arrival_lava_altar, layout_rooms
D:2:      layout_basic, serial_shops, nicolae_shop_industrial_runoff,
          basic_altar, minmay_misc_feat_encased, pf_guarded_unrand_delatra

Skill      XL: |  1  2  3 |
---------------+----------+-----
Fighting       | 3 |  3.0
Polearms       | |  4.8
Throwing       | |  2.0
Dodging        | |  4.8

Action                     || total
---------------------------++-------
  Melee: Trident           ||    98
    Use: Potion            ||     2
   Stab: Sleeping          ||     2
 Armour: Leather armour    ||    31
  Dodge: Dodged            ||    57

Table legend: (Time is in decaauts)
 A = Elapsed time spent in this place.
 B = Non-inter-level travel time spent in this place.
 C = Inter-level travel time spent in this place.
 D = Time resting spent in this place.
 E = Time spent auto-exploring this place.
 F = Levels seen in this place.
 G = Mean time per level.
                   A        B        C        D        E       F      G
               +--------+--------+--------+--------+--------+-----+--------+
         Total |   1156 |   1093 |     63 |      0 |    877 |   2 |  578.0 |
       Dungeon |   1156 |   1093 |     63 |      0 |    877 |   2 |  578.0 |
               +--------+--------+--------+--------+--------+-----+--------+

Top non-repeatable levels by time:
     D:1: 632 daAuts
     D:2: 523 daAuts
